 Dungeon Crawl Stone Soup version 0.26-a0-631-ged93497179 (webtiles) character file.

Game seed: 9288868170781850084

292510 ugdurtz the Conqueror (level 19, -20/207 HPs)
             Began as a Minotaur Fighter on Sept 13, 2020.
             Was the Champion of Makhleb.
             Killed from afar by a tengu reaver (35 damage)
             ... with a bolt of lightning
             ... led by Sojobo
             ... on level 4 of the Vaults.
             The game lasted 01:47:35 (40882 turns).

ugdurtz the Conqueror (Minotaur Fighter)           Turns: 40882, Time: 01:47:35

Health: -20/207    AC: 27    Str: 32    XL:     19   Next: 99%
Magic:  25/25      EV: 15    Int:  5    God:    Makhleb [******]
Gold:   789        SH: 32    Dex: 13    Spells: 18/18 levels left

rFire    . . .     SeeInvis .   y - +3 morningstar (protect)
rCold    + . .     Faith    .   q - +2 tower shield
rNeg     + . .     Spirit   .   B - +2 plate armour {rC+}
rPois    .         Reflect  +   O - +0 hat of Eluog {rN+ Str+4 Dex+2 Stlth+}
rElec    .         Harm     .   b - +1 cloak of the Trilobite {MR+ rCorr}
rCorr    +         Rampage  .   s - +0 pair of gloves
MR       ++...                  X - +2 pair of boots
Stlth    ..........             e - amulet of reflection
HPRegen  0.44/turn              M - +4 ring of evasion
MPRegen  0.19/turn              c - +4 ring of slaying

@: lethally poisoned (-20 -> -21), flying (expiring)
A: retaliatory headbutt, horns 2
}: 2/15 runes: decaying, serpentine
a: Minor Destruction, Lesser Servant of Makhleb, Major Destruction, Greater
Servant of Makhleb, Renounce Religion


You were on level 4 of the Vaults.
You worshipped Makhleb.
Makhleb was exalted by your worship.
You visited 7 branches of the dungeon, and saw 36 of its levels.
You visited 3 bazaars.
You also visited: Sewer, Bailey and Gauntlet.

You collected 4201 gold pieces.
You spent 3412 gold pieces at shops.

Inventory:

Hand Weapons
 y - a +3 morningstar of protection (weapon)
 F - a +2 morningstar of pain
 I - a +0 morningstar of draining
Missiles
 D - 30 poisoned darts (quivered)
 P - 6 atropa-tipped darts
Armour
 b - the +1 cloak of the Trilobite (worn) {MR+ rCorr}
   (You found it on level 1 of the Vaults)

   It affects your resistance to hostile enchantments.
   It provides partial protection from all sources of acid and corrosion.
 q - a +2 tower shield (worn)
 s - a +0 pair of gloves (worn)
 B - a +2 plate armour of cold resistance (worn)
 O - the +0 hat of Eluog (worn) {rN+ Str+4 Dex+2 Stlth+}
   (You bought it in a shop on level 14 of the Dungeon)

   It affects your strength (+4).
   It affects your dexterity (+2).
   It protects you from negative energy.
   It makes you more stealthy.
 X - a +2 pair of boots (worn)
Jewellery
 c - a +4 ring of slaying (right hand)
 e - an amulet of reflection (around neck)
 p - an uncursed ring of poison resistance
 u - an uncursed ring of resist corrosion
 v - an uncursed ring of protection from fire
 M - a +4 ring of evasion (left hand)
 N - an uncursed ring of see invisible
 R - the ring of Tosaol {MR++ rCorr Str-5 SInv}
   (You found it in a Gauntlet)

   [ring of resist corrosion]

   It affects your strength (-5).
   It affects your resistance to hostile enchantments.
   It lets you see invisible.
   It provides partial protection from all sources of acid and corrosion.
 V - an uncursed ring of flight
Wands
 t - a wand of disintegration (32)
 z - a wand of flame (40)
 A - a wand of polymorph (1)
 E - a wand of digging (13)
 G - a wand of acid (11)
 L - a wand of paralysis (40)
 Q - a wand of iceblast (6)
 T - a wand of random effects (11)
 Y - a wand of enslavement (10)
Scrolls
 a - 14 scrolls of teleportation
 f - 9 scrolls of enchant armour
 g - 21 scrolls of identify
 i - 2 scrolls of brand weapon
 j - 4 scrolls of blinking
 k - 11 scrolls of remove curse
 x - 5 scrolls of fear
 H - 8 scrolls of enchant weapon
 K - a scroll of fog
 S - 3 scrolls of magic mapping
Potions
 d - 2 potions of might
 h - 3 potions of mutation
 l - 3 potions of heal wounds
 m - 13 potions of curing
 n - a potion of invisibility {unknown}
 o - 8 potions of lignification
 r - 3 potions of brilliance
 w - a potion of ambrosia
 C - 3 potions of berserk rage
 J - 3 potions of haste
 U - a potion of resistance
 W - a potion of cancellation


   Skills:
 O Level 27 Fighting
   Level 6.1(11.9) Axes
 - Level 15.6(16.0) Maces & Flails
 + Level 15.9 Armour
 - Level 6.0 Dodging
 + Level 21.3 Shields
 - Level 10.0 Invocations


You had 18 spell levels left.
You didn't know any spells.
Your spell library contained the following spells:

 Spells                   Type           Power        Failure   Level
 Corona                   Hex            #......      99%         1
 Freeze                   Ice            #...         99%         1
 Shock                    Conj/Air       #...         99%         1
 Sting                    Tmut/Pois      #...         99%         1
 Ensorcelled Hibernation  Hex/Ice        #.....       99%         2
 Passwall                 Tmut/Erth      #.......     99%         2
 Poisonous Vapours        Pois/Air       #.....       99%         2
 Swiftness                Air            #.......     99%         2
 Confusing Touch          Hex            #.......     100%        3
 Conjure Flame            Conj/Fire      #.......     100%        3
 Dazzling Flash           Conj/Hex       #.....       100%        3
 Frozen Ramparts          Ice            #.....       100%        3
 Gell's Gravitas          Tloc           #.........   100%        3
 Ignite Poison            Fire/Tmut/Pois #.......     100%        3
 Mephitic Cloud           Conj/Pois/Air  #.......     100%        3
 Ozocubu's Armour         Ice            #.......     100%        3
 Portal Projectile        Hex/Tloc       #.....       100%        3
 Static Discharge         Conj/Air       #.......     100%        3
 Tukima's Dance           Hex            #.......     100%        3
 Airstrike                Air            #.........   100%        4
 Animate Dead             Necr           #.........   100%        4
 Hailstorm                Conj/Ice       #.......     100%        4
 Leda's Liquefaction      Hex/Erth       #.........   100%        4
 Olgreb's Toxic Radiance  Pois           #.......     100%        4
 Passage of Golubria      Tloc           N/A          100%        4
 Summon Ice Beast         Ice/Summ       #.......     100%        4
 Bolt of Magma            Conj/Fire/Erth #.........   100%        5
 Borgnjor's Vile Clutch   Necr/Erth      #.........   100%        5
 Fireball                 Conj/Fire      #.........   100%        5
 Iskenderun's Battlesphe  Conj           #.......     100%        5
 Lee's Rapid Deconstruct  Erth           #.........   100%        5
 Lightning Bolt           Conj/Air       #.........   100%        5
 Death Channel            Necr           #.........   100%        6
 Dispersal                Tloc           #.........   100%        6
 Freezing Cloud           Conj/Ice/Air   #.........   100%        6
 Invisibility             Hex            #.......     100%        6
 Iron Shot                Conj/Erth      #.........   100%        6
 Simulacrum               Ice/Necr       #.........   100%        6
 Starburst                Conj/Fire      #.........   100%        6
 Statue Form              Tmut/Erth      #........    100%        6
 Orb of Destruction       Conj           #.........   100%        7
 Spellforged Servitor     Conj/Summ      #.........   100%        7
 Disjunction              Tloc           #.........   100%        8
 Ignition                 Fire           #.........   100%        8
 Shatter                  Erth           #.........   100%        9


Dungeon Overview and Level Annotations

Branches:
Dungeon (15/15)            Temple (1/1) D:5            Lair (6/6) D:8
  Swamp (4/4) Lair:3        Snake (4/4) Lair:4        Slime (0/5) Lair:6
    Orc (2/2) D:12            Elf (0/3) Orc:2        Vaults (4/5) D:13
  Crypt (0/3) Vaults:2     Depths (0/5) D:15          Sewer (visited)
 Bailey (visited)         Gauntlet (visited)

Altars:
Ashenzari
Cheibriados
Dithmenos
Elyvilon
Fedhas
Gozag
Hepliaklqana
Kikubaaqudgha
Makhleb
Nemelex Xobeh
Okawaru
Qazlal
Ru
Sif Muna
Trog
Uskayaw
Vehumet
Wu Jian
Xom
Yredelemnul
Zin
The Shining One

Shops:
D:6 !   D:10 *:(   D:13 [:?   D:14 [   D:15 (   Orc:2 }!!(*   Snake:1 *

Annotations:
Vaults:1 1 runed translucent door, Mujukuneu's ghost, veteran HuCj
Vaults:4 Sojobo


Innate Abilities, Weirdness & Mutations

You reflexively headbutt those who attack you in melee.
You have a pair of horns on your head.


Message History

* * * LOW HITPOINT WARNING * * *
The air elemental hits you.
* * * LOW HITPOINT WARNING * * *
You see here 3 arrows.
You are engulfed in raging winds.
You feel sick.
* * * LOW HITPOINT WARNING * * *
The winds around the air elemental start to calm down.
The air elemental hits you but does no damage.
The deep elf archer shoots an arrow.
You reflect the arrow off an invisible shield around you!
The arrow hits the deep elf archer!!
You kill the deep elf archer!
Makhleb accepts your kill.
You feel better.
You have mastered Fighting!
You block the air elemental's attack. x2
The tengu reaver casts a spell at you.
The bolt of lightning hits the air elemental.
The air elemental completely resists.
The bolt of lightning hits you!!
You die...

##...### ###.. #.....###....
##........... ##......)†.#
###.....###
###########################'####
..(.......Q§§§§§§§.............#
..(..§....*§*§§§§§.............#
.......)(.)§E§§E@§.............#
.......)§§§§Q§§§E§.............#
.......).§§§Q§§§§§.............#
#############§############.....#
####...#### #.....# #.........#
#.....# #.#.....#.# #.....##
#.#######.# #.....'. #.#.....#.#
#.....#.


You could see Sojobo (repels missiles), 2 tengu reavers, 3 air elementals and 2
battlespheres.

Vanquished Creatures
  Rupert (D:13)
  Jorgrun (Orc:1)
  Frances (Swamp:2)
  2 sphinxes (Vaults:4)
  Agnes (Snake:4)
  Kirke (Snake:1)
  5 thorn hunters
  2 tengu reavers
  9 nagarajas
  An orc warlord (Orc:2)
  Aizul (Snake:1)
  6 vault wardens
  A frost giant (Vaults:3)
  6 stone giants
  13 ironheart preservers
  6 deep elf annihilators
  A minotaur (Gauntlet)
  An ettin (Vaults:2)
  2 deep elf death magi
  9 ogre magi
  4 yaktaur captains
  A fire dragon (Vaults:1)
  A rakshasa (D:13)
  4 great orbs of eyes
  4 ice dragons
  2 vault guards (Vaults:3)
  16 naga warriors
  10 hydras
  5 centaur warriors
  3 ghost crabs
  A merfolk avatar (Lair:6)
  20 two-headed ogres
  Erica (D:8)
  An anaconda (Snake:1)
  15 alligators
  3 death yaks (Lair:5)
  An orc high priest (Orc:1)
  A tengu warrior (D:15)
  3 deep troll earth magi
  A deep troll shaman (Vaults:2)
  5 shock serpents
  21 naga sharpshooters
  6 deep elf knights
  20 skeletal warriors
  2 salamander mystics
  2 unseen horrors
  6 deep trolls
  10 sea snakes
  A spriggan druid (Swamp:4)
  5 naga ritualists
  6 swamp dragons
  12 ironbrand convokers
  6 wizards
  A harpy (shapeshifter) (Vaults:1)
  5 deep elf archers
  13 orc knights
  A harpy (Lair:6)
  6 mana vipers
  7 deep elf magi
  An ugly thing (D:11)
  A tengu skeleton (Vaults:2)
  2 cyclopes
  2 orc sorcerers (Orc:2)
  6 manticores
  A stone giant skeleton (Vaults:2)
  5 slime creatures
  Maurice (Orc:1)
  A guardian serpent (Snake:2)
  5 salamanders
  15 vault sentinels
  23 black mambas
  4 centaur zombies
  13 elephants
  A black mamba (shapeshifter) (Vaults:3)
  Psyche (D:10)
  22 naga magi
  18 cane toads
  2 frost giant skeletons (Vaults:2)
  11 freezing wraiths
  A rime drake (shapeshifter) (Vaults:4)
  11 rime drakes
  13 komodo dragons
  A kobold demonologist (D:15)
  14 yaktaurs
  6 human skeletons (Vaults:2)
  An ice devil (Gauntlet)
  3 meliai (D:13)
  A meliai (shapeshifter) (Vaults:1)
  2 polar bears (Lair:6)
  Prince Ribbit (D:7)
  6 tyrant leeches
  15 trolls
  A wind drake (Lair:6)
  15 hornets
  13 bog bodies
  A raiju (Gauntlet)
  Grinder (D:4)
  A raiju (shapeshifter) (Vaults:3)
  4 blink frogs (Lair:3)
  11 hippogriffs
  A stone giant simulacrum (Vaults:3)
  7 spriggans
  A wraith (Vaults:1)
  An ettin skeleton (Vaults:2)
  A yak (shapeshifter) (Vaults:4)
  4 shadows
  2 wyverns
  46 yaks
  2 vampires
  16 humans (D:13)
  2 water elementals (D:13)
  A fire bat (shapeshifter) (Vaults:3)
  A steam dragon (Gauntlet)
  Grum (D:10)
  7 basilisks
  A human simulacrum (Vaults:1)
  17 vampire mosquitoes
  2 acid dragons
  3 swamp worm simulacra (Swamp:4)
  3 insubstantial wisps (Swamp:4)
  61 nagas
  11 swamp worms
  4 wargs
  A naga (shapeshifter) (Vaults:4)
  4 hell hounds (Lair:6)
  A soldier ant (D:10)
  A floating eye (shapeshifter) (Vaults:1)
  15 hydra simulacra (Swamp:4)
  19 water moccasins
  5 porcupines
  5 sky beasts
  10 swamp drakes
  45 orc warriors
  3 black bears
  An ice beast (D:14)
  3 phantoms
  A necrophage (D:10)
  2 eyes of draining
  31 ogres
  An orc skeleton (Vaults:2)
  3 boggarts
  7 wolves
  29 centaurs
  10 crocodiles
  4 big kobolds
  17 bullfrogs
  A wyvern zombie (D:12)
  2 wyvern skeletons
  6 scorpions
  27 killer bees
  4 wights (D:9)
  15 electric eels
  A howler monkey (D:4)
  3 quasits
  4 crimson imps (D:3)
  A bullfrog zombie (D:9)
  11 hounds
  4 jellies
  16 orc priests
  A bullfrog skeleton (D:11)
  A gnoll shaman (D:10)
  21 orc wizards
  7 centaur skeletons
  3 iguanas
  7 worker ants
  A hound zombie (D:9)
  A hound skeleton (D:11)
  2 worker ant zombies
  10 gnolls
  A howler monkey skeleton (D:10)
  11 adders
  3 river rats (Sewer)
  A shadow imp (D:9)
  7 white imps
  5 swamp drake simulacra (Swamp:4)
  2 ufetubi
  2 oozes
  An adder skeleton (D:7)
  3 worms
  3 dart slugs
  12 leopard geckos
  96 orcs
  5 giant cockroaches
  12 goblins
  9 hobgoblins
  19 jackals
  2 quokkas
  6 ball pythons
  8 bats
  16 frilled lizards
  A jackal skeleton (D:6)
  52 kobolds
  A leopard gecko skeleton (D:4)
  A quokka zombie (D:6)
  34 rats
  5 briar patches
1439 creatures vanquished.

Vanquished Creatures (collateral kills)
  Nergalle (Orc:1)
  An orc knight (Orc:2)
  An ugly thing (D:10)
  A troll (Orc:1)
  A meliai (D:10)
  2 hippogriffs (Lair:6)
  A wyvern (Lair:6)
  3 orc warriors
  A hound (D:10)
  An orc priest (Orc:1)
  2 orc wizards (Orc:1)
  3 orcs
18 creatures vanquished.

Vanquished Creatures (others)
  A deep elf knight (Vaults:3)
  A naga mage (Snake:4)
  A hornet (Swamp:4)
  A spriggan (Swamp:4)
  A swamp drake (Swamp:4)
  A boggart (D:14)
  An orc wizard (D:7)
  An orc (Orc:2)
  A kobold (D:7)
  A briar patch (Swamp:2)
  18 fungi
  184 plants
  2 toadstools (Swamp:2)
214 creatures vanquished.

Grand Total: 1671 creatures vanquished

Notes
Turn   | Place    | Note
-------+----------+-------------------------------------------
     0 | D:1      | ugdurtz the Minotaur Fighter began the quest for the Orb.
     0 | D:1      | Reached XP level 1. HP: 19/19 MP: 0/0
    83 | D:1      | Reached XP level 2. HP: 27/27 MP: 1/1
   151 | D:1      | Reached skill level 4 in Fighting
   168 | D:1      | Reached XP level 3. HP: 31/33 MP: 2/2
   717 | D:2      | Reached XP level 4. HP: 40/40 MP: 3/3
  1081 | D:2      | Found a faded altar of an unknown god.
  1451 | D:3      | Reached XP level 5. HP: 46/47 MP: 4/4
  1459 | D:3      | Reached skill level 5 in Axes
  1849 | D:3      | Found a shimmering altar of Xom.
  1899 | D:3      | Reached skill level 5 in Armour
  2085 | D:3      | Reached skill level 5 in Fighting
  2094 | D:3      | Reached XP level 6. HP: 56/56 MP: 5/5
  2525 | D:4      | Reached skill level 1 in Maces & Flails
  2642 | D:4      | Noticed Grinder
  2643 | D:4      | Paralysed by Grinder for 2 turns
  2653 | D:4      | Killed Grinder
  2653 | D:4      | Reached XP level 7. HP: 40/62 MP: 6/6
  2804 | D:4      | Reached skill level 6 in Fighting
  3284 | D:5      | Entered Level 5 of the Dungeon
  3312 | D:5      | Found a glowing drain.
  3336 | Sewer    | Entered a sewer
  3371 | Sewer    | Reached skill level 5 in Shields
  3578 | Sewer    | Reached skill level 5 in Maces & Flails
  4020 | D:5      | Reached XP level 8. HP: 71/71 MP: 7/7
  4397 | D:5      | Found a staircase to the Ecumenical Temple.
  4434 | Temple   | Entered the Ecumenical Temple
  4584 | Temple   | Became a worshipper of Makhleb the Destroyer
  4742 | D:5      | Reached skill level 7 in Fighting
  4841 | D:5      | Found a shimmering blue altar of Sif Muna.
  5114 | D:6      | Found Xamol's Distillery.
  5122 | D:6      | Bought a potion of degeneration for 13 gold pieces
  5122 | D:6      | Bought a potion of curing for 39 gold pieces
  5737 | D:6      | Found a glowing golden altar of the Shining One.
  5814 | D:6      | Reached XP level 9. HP: 81/81 MP: 8/8
  5896 | D:6      | Reached skill level 8 in Fighting
  5935 | D:6      | Reached * piety under Makhleb
  6355 | D:7      | Noticed Prince Ribbit
  6369 | D:7      | Killed Prince Ribbit
  6458 | D:7      | Noticed a komodo dragon
  6476 | D:7      | Killed a komodo dragon
  6803 | D:7      | Reached skill level 10 in Maces & Flails
  6823 | D:7      | Reached skill level 9 in Fighting
  7461 | D:8      | Found a hazy altar of Hepliaklqana.
  7729 | D:8      | Reached ** piety under Makhleb
  7729 | D:8      | Reached XP level 10. HP: 91/91 MP: 9/9
  7801 | D:8      | Noticed Erica
  7819 | D:8      | Killed Erica
  8066 | D:8      | Found a staircase to the Lair.
  8931 | D:9      | Reached skill level 10 in Fighting
  9108 | D:9      | Reached *** piety under Makhleb
  9378 | D:10     | Entered Level 10 of the Dungeon
  9378 | D:10     | Noticed Grum
  9467 | D:10     | Reached skill level 1 in Invocations
  9477 | D:10     | Killed Grum
  9846 | D:10     | Reached XP level 11. HP: 100/100 MP: 11/11
  9894 | D:10     | Reached skill level 10 in Shields
 10166 | D:10     | Noticed a cyan ugly thing
 10170 | D:10     | Found an iron altar of Okawaru.
 10187 | D:10     | Killed a cyan ugly thing
 10225 | D:10     | Killed an unseen horror
 10541 | D:10     | Found Diank's Antique Weapon Emporium.
 10546 | D:10     | Bought a runed morningstar for 154 gold pieces
 10563 | D:10     | Found Utopasom's Book Shop.
 10565 | D:10     | Noticed Psyche
 10567 | D:10     | Reached skill level 11 in Fighting
 10583 | D:10     | Killed Psyche
 10594 | D:10     | Reached **** piety under Makhleb
 10845 | D:10     | Found Toir's Assorted Antiques.
 11076 | D:11     | Found a flagged portal.
 11132 | Bailey   | Entered a bailey
 11150 | Bailey   | Noticed an orc knight
 11187 | Bailey   | Killed an orc knight
 11603 | D:11     | Noticed a purple ugly thing
 11611 | D:11     | Killed a purple ugly thing
 11778 | D:11     | Reached ***** piety under Makhleb
 11959 | D:12     | Noticed a two-headed ogre
 11960 | D:12     | Noticed a stone giant
 11983 | D:12     | Killed a two-headed ogre
 11983 | D:12     | Reached skill level 12 in Fighting
 12076 | D:12     | Noticed a two-headed ogre
 12083 | D:12     | Killed a two-headed ogre
 12109 | D:12     | Noticed a two-headed ogre
 12112 | D:12     | Killed a two-headed ogre
 12112 | D:12     | Reached skill level 15 in Maces & Flails
 12112 | D:12     | Reached XP level 12. HP: 112/112 MP: 14/14
 12125 | D:12     | Found the +6 shillelagh "Devastator" {shatter}
 12173 | D:12     | Killed a stone giant
 12403 | D:12     | Noticed a two-headed ogre
 12408 | D:12     | Killed a two-headed ogre
 12450 | D:12     | Reached skill level 13 in Fighting
 12504 | D:12     | Reached skill level 14 in Fighting
 12768 | D:12     | Found a staircase to the Orcish Mines.
 13203 | D:13     | Noticed Rupert
 13205 | D:13     | Found a gate to the Vaults.
 13205 | D:13     | Noticed a centaur warrior
 13211 | D:13     | Found Nihun's Antique Armour Shoppe.
 13291 | D:13     | Found a flickering gateway to a bazaar.
 13298 | Bazaar   | Entered a bazaar
 13298 | Bazaar   | Found Usestruu's Magic Scroll Shop.
 13336 | Bazaar   | Bought a scroll of brand weapon for 180 gold pieces
 13338 | Bazaar   | Found Peraul's Antique Weapon Shop.
 13342 | Bazaar   | Found Gaosu's Distillery.
 13355 | Bazaar   | Found Yme Ukili's Magic Scroll Emporium.
 13357 | Bazaar   | Found Nonn's Magic Scroll Shoppe.
 13412 | Bazaar   | Bought a runed morningstar for 91 gold pieces
 13426 | Bazaar   | Bought a scroll of random uselessness for 12 gold pieces
 13426 | Bazaar   | Bought a scroll of enchant weapon for 90 gold pieces
 13432 | Bazaar   | Bought a scroll of enchant weapon for 67 gold pieces
 13432 | Bazaar   | Bought a scroll of enchant armour for 67 gold pieces
 13570 | D:13     | Reached skill level 5 in Invocations
 13584 | D:13     | Killed a centaur warrior
 13600 | D:13     | Killed Rupert
 13600 | D:13     | Reached XP level 13. HP: 84/125 MP: 15/15
 14009 | D:13     | Found Heararo's Book Shop.
 14159 | D:13     | Found Kaherhur's Magic Scroll Shop.
 14409 | D:13     | Found an opulent altar of Gozag.
 14779 | D:14     | Reached skill level 15 in Fighting
 14956 | D:14     | Found Row Kew's Antique Armour Boutique.
 14966 | D:14     | Bought a scorched hat for 270 gold pieces
 14971 | D:14     | Identified the +0 hat of Eluog {rN+ Str+4 Dex+2 Stlth+}
                  | (You bought it in a shop on level 14 of the Dungeon)
 15321 | D:14     | Reached ****** piety under Makhleb
 15509 | D:14     | Found a sacrificial altar of Ru.
 15559 | D:15     | Entered Level 15 of the Dungeon
 16570 | D:15     | Found Saor Koyce's Weapon Shop.
 16719 | D:15     | Found a staircase to the Depths.
 16730 | D:15     | Reached XP level 14. HP: 136/136 MP: 16/16
 16875 | Orc:1    | Entered Level 1 of the Orcish Mines
 16875 | Orc:1    | Noticed Nergalle
 16881 | Orc:1    | Killed Nergalle
 16987 | Orc:1    | Noticed Maurice
 16999 | Orc:1    | Killed Maurice
 17271 | Orc:2    | Entered Level 2 of the Orcish Mines
 17320 | Orc:2    | Reached skill level 15 in Shields
 17332 | Orc:2    | Reached skill level 16 in Fighting
 17342 | Orc:2    | Found Vaujiur's Distillery.
 17342 | Orc:2    | Found Fukenn's Distillery.
 17506 | Orc:1    | Noticed Jorgrun
 17514 | Orc:1    | Killed Jorgrun
 17603 | Orc:2    | Found a staircase to the Elven Halls.
 17703 | Orc:2    | Noticed an orc warlord
 17726 | Orc:2    | Killed an orc warlord
 17799 | Orc:2    | Found Fituehil's General Store.
 18063 | Orc:2    | Found Xicoset's Weapon Shop.
 18065 | Orc:2    | Found Uqyaqidd's Gadget Emporium.
 18242 | D:14     | Bought a shiny plate armour for 780 gold pieces
 18489 | Lair:1   | Entered Level 1 of the Lair of Beasts
 18789 | Lair:1   | Found a gate leading to a gauntlet.
 18800 | Gauntlet | Entered a Gauntlet
 18800 | Gauntlet | Found a transporter.
 18810 | Gauntlet | Found a transporter.
 18824 | Gauntlet | Found a transporter.
 18826 | Gauntlet | Found a large runed translucent door.
 18827 | Gauntlet | Found a large runed translucent door.
 18828 | Gauntlet | Found a large runed translucent door.
 18828 | Gauntlet | Found a large runed translucent door.
 18828 | Gauntlet | Found a runed translucent door.
 18829 | Gauntlet | Found a transporter.
 18830 | Gauntlet | Found a runed translucent door.
 18831 | Gauntlet | Found a large runed translucent door.
 18831 | Gauntlet | Found a large runed translucent door.
 18832 | Gauntlet | Found a large runed translucent door.
 18833 | Gauntlet | Found a large runed translucent door.
 18838 | Gauntlet | Found a large runed translucent door.
 18838 | Gauntlet | Found a large runed translucent door.
 18839 | Gauntlet | Found a large runed translucent door.
 18839 | Gauntlet | Found a large runed translucent door.
 18840 | Gauntlet | Found a large runed translucent door.
 18840 | Gauntlet | Found a large runed translucent door.
 18840 | Gauntlet | Found a large runed translucent door.
 18842 | Gauntlet | Found a runed translucent gate.
 18842 | Gauntlet | Found a runed translucent gate.
 18842 | Gauntlet | Found a runed translucent gate.
 18844 | Gauntlet | Found a transporter.
 18855 | Gauntlet | Found a large runed translucent door.
 18863 | Gauntlet | Found a transporter.
 18874 | Gauntlet | Identified the ring "Ukhigi Ceso" {Fire +Blink rN+++ Int-5
                  | Slay+6}
 18875 | Gauntlet | Found a transporter.
 18887 | Gauntlet | Found a transporter.
 18893 | Gauntlet | Found a transporter.
 18893 | Gauntlet | Found a transporter.
 18912 | Gauntlet | Found a transporter.
 18924 | Gauntlet | Found a transporter.
 18930 | Gauntlet | Found a transporter.
 18930 | Gauntlet | Found a transporter.
 18973 | Gauntlet | Found a transporter.
 19002 | Gauntlet | Found a transporter.
 19002 | Gauntlet | Found a transporter.
 19032 | Gauntlet | Found a transporter.
 19234 | Gauntlet | Got a crude jade ring
 19356 | Gauntlet | Got a faintly glowing glass ring
 19358 | Gauntlet | Identified the ring of Tender Moments {*Tele rPois rN+
                  | Dex+4} (You found it in a Gauntlet)
 19359 | Gauntlet | Identified the ring of Tosaol {MR++ rCorr Str-5 SInv} (You
                  | found it in a Gauntlet)
 19365 | Gauntlet | Identified the ring of Tefefunn {rC+ AC+4}
 19972 | Lair:2   | Reached skill level 17 in Fighting
 20073 | Lair:2   | Reached skill level 10 in Armour
 20690 | Lair:3   | You fall into a shaft and drop 1 floor!
 21139 | Lair:3   | Found a staircase to the Swamp.
 21241 | Lair:3   | Reached skill level 18 in Fighting
 21698 | Lair:4   | Found a staircase to the Snake Pit.
 21792 | Lair:4   | Got a twitching pewter amulet
 21793 | Lair:4   | Identified the amulet "Xoisicus" {RegenMP +Fly Slay+3} (You
                  | found it on level 4 of the Lair of Beasts)
 21819 | Lair:4   | Reached XP level 15. HP: 150/150 MP: 19/19
 22301 | Lair:4   | Found the +8 whip "Snakebite" {curare, rPois}
 22444 | Lair:5   | Reached skill level 19 in Fighting
 23360 | Lair:6   | Entered Level 6 of the Lair of Beasts
 23360 | Lair:6   | Found a staircase to the Slime Pits.
 23535 | Lair:6   | Reached skill level 20 in Fighting
 23889 | Lair:6   | Reached skill level 21 in Fighting
 24266 | Swamp:1  | Entered Level 1 of the Swamp
 24443 | Swamp:1  | Noticed a thorn hunter
 24453 | Swamp:1  | Killed a thorn hunter
 24963 | Swamp:2  | Noticed a thorn hunter
 24964 | Swamp:2  | Noticed Frances
 24974 | Swamp:2  | Killed Frances
 24974 | Swamp:2  | Reached XP level 16. HP: 75/168 MP: 21/21
 25363 | Swamp:2  | Killed a thorn hunter
 25379 | Swamp:2  | Reached skill level 22 in Fighting
 26272 | Swamp:3  | Noticed a thorn hunter
 26288 | Swamp:3  | Killed a thorn hunter
 26506 | Swamp:3  | Noticed a thorn hunter
 26515 | Swamp:3  | Killed a thorn hunter
 27006 | Swamp:4  | Entered Level 4 of the Swamp
 27326 | Swamp:4  | Noticed a thorn hunter
 27335 | Swamp:4  | Killed a thorn hunter
 27655 | Swamp:4  | Reached skill level 23 in Fighting
 28592 | Swamp:4  | Got a decaying rune of Zot
 28804 | Snake:1  | Entered Level 1 of the Snake Pit
 29463 | Snake:1  | Reached skill level 10 in Invocations
 29822 | Snake:1  | Noticed Aizul
 29831 | Snake:1  | Killed Aizul
 29831 | Snake:1  | Reached XP level 17. HP: 161/181 MP: 23/23
 29905 | Snake:1  | Noticed Kirke
 29912 | Snake:1  | Killed Kirke
 30086 | Snake:1  | Found an ancient bone altar of Kikubaaqudgha.
 30139 | Snake:1  | Reached skill level 24 in Fighting
 30267 | Snake:1  | Found Nsimp's Needful Niceties.
 30606 | Snake:2  | Reached skill level 1 in Dodging
 32121 | D:13     | Bought a manual of Shields for 1545 gold pieces
 33017 | Snake:4  | Entered Level 4 of the Snake Pit
 34013 | Snake:4  | Noticed Agnes
 34040 | Snake:4  | Killed Agnes
 34615 | Snake:4  | Reached XP level 18. HP: 152/192 MP: 24/24
 35299 | Snake:4  | Reached skill level 25 in Fighting
 35379 | Snake:4  | Got a serpentine rune of Zot
 36019 | Vaults:1 | Entered Level 1 of the Vaults
 36240 | Vaults:1 | Found a flickering gateway to a bazaar.
 36253 | Bazaar   | Entered a bazaar
 36253 | Bazaar   | Found Uhaeplix's Distillery.
 36258 | Bazaar   | Found Qimeuh's Distillery.
 36277 | Bazaar   | Found Jighuari's Antique Armour Shop.
 36314 | Bazaar   | Found Onaesh's Gadget Boutique.
 36338 | Bazaar   | Bought a potion of mutation for 104 gold pieces
 36454 | Vaults:1 | Found a runed translucent door.
 36454 | Vaults:1 | Found a shimmering altar of Xom.
 36454 | Vaults:1 | Noticed Mujukuneu's ghost (veteran HuCj)
 36620 | Vaults:1 | Got a fine cloak
 36626 | Vaults:1 | Identified the +1 cloak of the Trilobite {MR+ rCorr} (You
                  | found it on level 1 of the Vaults)
 37034 | Vaults:1 | Reached skill level 5 in Dodging
 38442 | Vaults:2 | Found a flickering gateway to a bazaar.
 38501 | Bazaar   | Entered a bazaar
 38503 | Bazaar   | Found Jaocsoq's Assorted Antiques.
 38507 | Bazaar   | Found Lauronug's Book Boutique.
 38507 | Bazaar   | Found Goesireff's Antique Armour Boutique.
 38508 | Bazaar   | Found Muth's General Store.
 38580 | Vaults:2 | Reached XP level 19. HP: 204/204 MP: 25/25
 38979 | Vaults:2 | Found a staircase to the Crypt.
 39080 | Vaults:2 | Reached skill level 26 in Fighting
 39308 | Vaults:3 | Reached skill level 15 in Armour
 40522 | Vaults:4 | Paralysed by a sphinx for 7 turns
 40863 | Vaults:4 | Noticed Sojobo
 40876 | Vaults:4 | HP: 5/206 [tengu reaver/+2 bardiche of venom[Sojobo] (22)]
 40882 | Vaults:4 | HP: 4/206 [air elemental/tornado[Sojobo] (7)]
 40882 | Vaults:4 | Reached skill level 27 in Fighting
 40882 | Vaults:4 | Killed from afar by a tengu reaver

Illustrated notes

Levels and vault maps discovered:
D:1:      psy_arrival_heroes, layout_rooms, minmay_liquid_box,
          minmay_lizard_king
D:2:      layout_rooms, chequers_ecumenical_altar_simple
D:3:      layout_basic, led_xom_imps
D:4:      layout_rooms, minmay_quadrilaterals, uniq_grinder
D:5:      layout_gridville, overflow_temple_1_default, minmay_temple_entry_grid,
          nicolae_ossuary_entry_ruins, portal_sewer_entry_f,
          minmay_misc_feat_chi
D:6:      layout_basic, serial_shops, shop, basic_altar, minmay_bent
D:7:      minmay_the_grid_four_pointed_star
          [minmay_the_grid_triangle_9x9_warning,
          minmay_the_grid_triangle_9x9_wacky_v,
          minmay_the_grid_triangle_9x9_stretched_checkered,
          minmay_the_grid_triangle_9x9_zippers_vertical,
          minmay_the_grid_prize_four_corners_diamond_a], layout_rooms,
          uniq_prince_ribbit1
D:8:      layout_layer_cave, david_lair_shrubbed, basic_altar,
          serial_bayou_pond_b, roderic_roman_lattice, uniq_erica
D:9:      layout_basic
D:10:     layout_cave_pods, serial_shops, shop_statue,
          nicolae_shop_behind_doors, shop, minmay_ruined_shrine, uniq_psyche,
          uniq_grum
D:11:     layout_rooms, enter_bailey_6
D:12:     minmay_roctagon, layout_basic, orc_0_dummy
D:13:     layout_roguey, david_vaults_3, serial_bayou, serial_bayou_pond_e,
          serial_bayou_pond_a, serial_bayou_lagoon_b, serial_bayou_shore_b,
          serial_shops, bzr_in_the_mist, shop, shop, nicolae_shop_behind_doors,
          basic_altar
D:14:     layout_loops_cross, nicolae_ru_the_path_less_chosen, serial_shops,
          shop_statue, lemuel_old_faithful
D:15:     grunt_enter_depths_snipers, layout_loops_corners, serial_shops, shop,
          chequers_serial_rivers_micro_a, uniq_rupert
Temple:   kilobyte_greek_temple
Lair:1:   layout_chaotic_city, gauntlet_entry_generic, lemuel_fruit_tree,
          serial_bayou_shore_a, grunt_megastairs_5, lemuel_fruit_fields,
          serial_bayou_shore_b
Lair:2:   layout_chaotic_city
Lair:3:   layout_chaotic_city, skrybe_swamp_entry_bodies,
          nicolae_quartered_pool_super
Lair:4:   minmay_guarded_unrand_snakebite, layout_big_grid,
          minmay_snake_entry_guardpost_small, serial_bayou_shore_b
Lair:5:   layout_layer_cave, beast_lair_carwin_2
Lair:6:   gammafunk_lair_ancient_temple, layout_loops_ring, slime_dummy,
          special_room [special_room_mythical_zoo]
Swamp:1:  layout_basic_swamp, evilmike_swamp_ruin_rubble_1, swamp_pool1,
          infiniplex_staircase_pool_2
Swamp:2:  cheibrodos_swamp_tower_of_moss, layout_basic_swamp,
          hangedman_swamp_blocks, uniq_frances
Swamp:3:  layout_falls_marsh, nicolae_swamp_dense_foliage, swamp_pool2
Swamp:4:  swamp_icy, layout_basic_swamp, infiniplex_staircase_pool
Snake:1:  layout_rooms, serial_bayou, serial_bayou_ford_a, serial_bayou_pond_c,
          serial_bayou_lagoon_a, serial_bayou_lake_a, basic_altar,
          nicolae_alphabet_shops, drop_trap, corexii_hall_statues_x,
          serial_bayou_pond_a, uniq_kirke, uniq_aizul
Snake:2:  layout_basic, drop_trap
Snake:3:  layout_rooms
Snake:4:  snake_pit, layout_cave_town, uniq_agnes
Orc:1:    layout_diamond_mine, uniq_maurice, uniq_jorgrun, uniq_nergalle
Orc:2:    st_orc_rangers, layout_caves, serial_shops, nicolae_shop_waterfront
Vaults:1: ebering_vaults_ghost_xom, vaults_dpeg_ring, v_misc_18,
          nicolae_vaults_three_branches, ontoclasm_vaults_spin,
          nicolae_vaults_little_squares_4, v_rooms_3, v_misc_24,
          ontoclasm_vaults_twist, dpeg_vaults_monster_box,
          nicolae_vaults_rhombus_6, layout_vaults_omnicross, serial_shops,
          bzr_entry_lakeside
Vaults:2: hangedman_vaults_slither, minmay_crypt_entry_skeletal_spiral,
          nicolae_vaults_asterisk, nicolae_vaults_diagonal_hallway_7,
          nicolae_vaults_big_angled_halls, st_star, v_alt_pattern_6,
          ontoclasm_vaults_ring_square, hangedman_vaults_cutoff,
          layout_vaults_maze_snakey, serial_shops, bzr_entry_gold
Vaults:3: st_cells, v_misc_16, nicolae_vaults_what_the_h, v_misc_3, v_misc_2,
          grunt_vaults_funnel, vaults_dpeg_encased_lava,
          ontoclasm_vaults_ring_small, vaults_room_large_hall,
          ontoclasm_vaults_ring_large, ontoclasm_vaults_pinch, v_alt_pattern_2,
          layout_vaults_omnibox
Vaults:4: ontoclasm_vaults_loading_screen, hangedman_vaults_stream,
          vaults_room_fancy_cross, vaults_dpeg_diagonal,
          nicolae_vaults_little_squares_1, nicolae_vaults_twisting_passages,
          nicolae_vaults_angled_halls, nicolae_vaults_stairing_the_circle,
          v_pattern_1, hangedman_vaults_maws, nicolae_vaults_alarming,
          vaults_room_semicircle, layout_vaults_ring, uniq_sojobo, uniq_donald

Skill      XL: |  1  2  3  4  5  6  7  8  9 10 11 12 13 14 15 16 17 18 19 |
---------------+----------------------------------------------------------+-----
Axes           | 3 4 5 6 |  6.1
Fighting       | 4 5 6 7 9 10 12 14 15 18 21 23 24 25 27 | 27.0
Armour         | 4 5 7 10 12 13 14 15 | 15.9
Maces & Flails | 3 5 8 10 12 15 | 15.6
Shields        | 4 5 6 8 9 10 11 14 15 18 20 21 | 21.3
Invocations    | 2 4 5 7 8 10 | 10.0
Dodging        | 3 6 |  6.0

Action                   |  1- 3 |  4- 6 |  7- 9 | 10-12 | 13-15 | 16-18 | 19-21 || total
-------------------------+-------+-------+-------+-------+-------+-------+-------++-------
Melee: War axe           |    80 |   118 |       |       |       |       |       ||   198
       Headbutt          |     8 |    25 |    70 |   161 |   339 |   467 |   194 ||  1264
       Morningstar       |       |    23 |   323 |   582 |   894 |  1548 |   524 ||  3894
       Whip              |       |       |       |       |   321 |       |       ||   321
Throw: Dart              |       |       |       |     1 |       |       |       ||     1
Invok: Lesser Servant of |       |       |       |     2 |     6 |    11 |       ||    19
Evoke: Wand              |       |       |       |     3 |       |     1 |       ||     4
  Use: Scroll            |       |     7 |    13 |     5 |    12 |     8 |     2 ||    47
       Potion            |       |       |     1 |     6 |     1 |    11 |     1 ||    20
Armor: Scale mail        |    33 |    79 |       |       |       |       |       ||   112
       Chain mail        |       |       |    99 |       |       |       |       ||    99
       Plate armour      |       |       |   101 |   267 |   421 |   689 |   129 ||  1607
Dodge: Dodged            |    48 |    85 |   108 |   137 |   220 |   346 |    90 ||  1034
Block: Other             |       |    22 |    81 |    41 |       |       |       ||   144
       Reflection        |       |     1 |     4 |    57 |    81 |   164 |    33 ||   340
       Kite shield       |       |       |       |   371 |   894 |  1516 |    62 ||  2843
       Tower shield      |       |       |       |       |       |       |   445 ||   445

Table legend: (Time is in decaauts)
 A = Elapsed time spent in this place.
 B = Non-inter-level travel time spent in this place.
 C = Inter-level travel time spent in this place.
 D = Time resting spent in this place.
 E = Time spent auto-exploring this place.
 F = Levels seen in this place.
 G = Mean time per level.
                   A        B        C        D        E       F      G
               +--------+--------+--------+--------+--------+-----+--------+
         Total |  40267 |  37766 |   2501 |   1884 |  27639 |  42 |  958.7 |
       Dungeon |  16171 |  14987 |   1184 |     43 |  12016 |  15 | 1078.1 |
        Temple |    186 |    127 |     59 |      0 |    124 |   1 |  186.0 |
          Lair |   5646 |   5173 |    473 |      0 |   4140 |   6 |  941.0 |
         Swamp |   4597 |   4436 |    161 |    641 |   2928 |   4 | 1149.2 |
     Snake Pit |   5997 |   5697 |    300 |   1199 |   3372 |   4 | 1499.2 |
  Orcish Mines |   1333 |   1149 |    184 |      0 |    815 |   2 |  666.5 |
        Vaults |   4471 |   4332 |    139 |      0 |   3021 |   4 | 1117.8 |
        Bazaar |    293 |    293 |      0 |      0 |    197 |   3 |   97.7 |
         Sewer |    625 |    625 |      0 |      0 |    451 |   1 |  625.0 |
        Bailey |    341 |    341 |      0 |      0 |    198 |   1 |  341.0 |
      Gauntlet |    602 |    602 |      0 |      0 |    374 |   1 |  602.0 |
               +--------+--------+--------+--------+--------+-----+--------+

Top non-repeatable levels by time:
 Snake:4: 1996 daAuts
 Snake:3: 1793 daAuts
 Swamp:4: 1720 daAuts
    D:10: 1573 daAuts
Vaults:2: 1531 daAuts
     D:8: 1519 daAuts
    D:13: 1492 daAuts
  Lair:4: 1468 daAuts
    D:12: 1409 daAuts
 Snake:1: 1398 daAuts
Vaults:1: 1336 daAuts
     D:3: 1260 daAuts
     D:6: 1247 daAuts
    D:15: 1238 daAuts
Vaults:3: 1068 daAuts
